 Dungeon Crawl Stone Soup version 0.29.0-4-gdea44cf6ec (webtiles) character file.

Game seed: 9348932353094385130

10696 qw the Cleaver (level 11, -8/89 HPs)
             Began as a Formicid Cinder Acolyte on Sept 3, 2022.
             Was an Initiate of Okawaru.
             Mangled by a fire elemental (11 damage)
             ... created by the fiery vengeance of Ignis
             ... on level 1 of the Lair of Beasts.
             The game lasted 00:06:41 (12347 turns).

qw the Cleaver (Formicid Cinder Acolyte)           Turns: 12347, Time: 00:06:42

Health: -8/89      AC: 22    Str: 23    XL:     11   Next: 97%
Magic:  12/12      EV:  7    Int: 14    God:    Okawaru [......]
Gold:   301        SH: 10    Dex:  9    Spells: 12/12 levels left

rFire   . . .      SeeInvis +   g - +2 hand axe (vamp)
rCold   . . .      Faith    .   h - +0 buckler
rNeg    . . .      Spirit   .   i - +0 plate armour
rPois   .          Reflect  +   (helmet unavailable)
rElec   .          Harm     .   l - +0 cloak
rCorr   .          Rampage  .   j - +0 pair of gloves
Will    ++...                   o - +1 pair of boots
Stlth   ..........              u - amulet of reflection
HPRegen 0.24/turn               c - ring of willpower
MPRegen 0.13/turn               f - +4 ring of protection

@: fire susceptible
A: permanent stasis, dig shafts and tunnels, antennae 3, four strong arms
a: Dig, Shaft Self, Renounce Religion


You were on level 1 of the Lair of Beasts.
You worshipped Okawaru.
Okawaru was noncommittal.
You visited 3 branches of the dungeon, and saw 12 of its levels.

You collected 577 gold pieces.
You spent 276 gold pieces at shops.


Innate Abilities, Weirdness & Mutations

You cannot be hasted, slowed, berserked, paralysed or teleported.
You can dig through walls and to a lower floor.
You have a pair of large antennae on your head. (SInv)
Your four strong arms can wield two-handed weapons with a shield.


   Skills:
 - Level 9.0 Fighting
 - Level 13.1 Axes
 - Level 2.1 Throwing
 - Level 8.1 Armour
 - Level 3.5 Dodging
 + Level 6.7 Shields
 - Level 1.1 Spellcasting
 - Level 3.0 Fire Magic


You had 12 spell levels left.
You didn't know any spells.
Your spell library contained the following spells:

 Spells                   Type           Power      Damage    Failure   Level
 Scorch                   Fire           18%        2d6       88%         2

Inventory:

Hand Weapons
 a - a -1 hand axe of flaming
 g - a +2 vampiric hand axe (weapon)
Missiles
 s - 3 boomerangs (quivered)
Armour
 b - the +2 pair of boots of the Northern Lights {Harm}
   (You acquired it on level 1 of the Dungeon)

   Harm:      It increases damage dealt and taken.
 h - a +0 buckler (worn)
 i - a +0 plate armour (worn)
 j - a +0 pair of gloves (worn)
 l - a +0 cloak (worn)
 o - a +1 pair of boots (worn)
Jewellery
 c - a ring of willpower (left hand)
 f - a +4 ring of protection (right hand)
 u - an amulet of reflection (around neck)
Scrolls
 d - 3 scrolls of identify
Potions
 e - 4 potions of mutation
 k - 3 potions of curing
 m - a potion of haste
 n - a potion of cancellation
 v - a potion of might

Dungeon Overview and Level Annotations

Branches:
Dungeon (9/15)             Temple (1/1) D:7            Lair (2/5) D:9
 Spider (0/4) Lair:2
  Swamp: Lair:2-3    Shoals: Lair:2-3       Orc: D:9-12

Altars:
Ashenzari
Cheibriados
Dithmenos
Elyvilon
Gozag
Hepliaklqana
Kikubaaqudgha
Nemelex Xobeh
Okawaru
Qazlal
Sif Muna
Trog
Uskayaw
Vehumet
Wu Jian
Xom
Yredelemnul
Zin
The Shining One

Shops:
D:1 :   D:2 !   D:5 *   D:6 ?

Portals:
Abyss: D:7

Annotations:
D:7 2 transporters, qw's ghost, novice TrCA


Message History

The fire elemental is almost destroyed.
You block the fire elemental's attack.
You hit the fire elemental.
You destroy the fire elemental!
That felt strangely unrewarding.
You start resting. "Betrayer!
Apostate!
Perish!"
You sense a monster nearby. 3 fire elementals come into view.
You hit the fire elemental.
The fire elemental is lightly damaged.
You completely miss the fire elemental.
The fire elemental is lightly damaged.
The fire elemental closely misses you.
You barely miss the fire elemental.
The fire elemental is lightly damaged.
You closely miss the fire elemental. x2
The fire elemental hits you. The fire elemental burns you!
You hit the fire elemental.
The fire elemental is lightly damaged.
You hit the fire elemental. You barely miss the fire elemental.
The fire elemental hits you. The fire elemental burns you!
The fire elemental hits you. The fire elemental burns you!
You slash the fire elemental!
The fire elemental is moderately damaged.
You hit the fire elemental. You barely miss the fire elemental.
You block the fire elemental's attack. The fire elemental hits you.
The fire elemental burns you! The fire elemental hits you.
The fire elemental burns you!
You hit the fire elemental.
The fire elemental is moderately damaged.
You slash the fire elemental! You barely miss the fire elemental.
The fire elemental hits you. The fire elemental burns you!
The fire elemental hits you. The fire elemental barely misses you.
You slash the fire elemental!
The fire elemental is severely damaged.
You hit the fire elemental. You barely miss the fire elemental.
The fire elemental hits you. The fire elemental burns you!
The fire elemental hits you. The fire elemental burns you!
You die...

#..................
#..................
#................##
#..................
#..................
#.................P
#................##
#.E..............#
#.@....).........#
#.EE.............##
#0.................
#..................
#.........#######.)
#.........# #..
#.........# ##..
#.........# ## #...
##.........##P####..


You could see 3 fire elementals.

Vanquished Creatures
  2 two-headed ogres (D:9)
  Pikel (D:6)
  A cyclops (D:9)
  An elephant (D:8)
  Joseph (Lair:1)
  A cane toad (Lair:1)
  4 blink frogs (Lair:1)
  3 wyverns
  13 yaks
  2 basilisks (D:9)
  6 fire elementals (Lair:1)
  Edmund (D:6)
  2 water moccasins
  3 ice beasts
  3 sky beasts
  3 orc warriors
  An ogre (D:7)
  3 centaurs
  A phantom (D:6)
  2 lemures (D:6)
  8 bullfrogs
  3 kobold brigands
  2 gnoll sergeants
  4 scorpions
  7 wights
  3 killer bees (D:9)
  4 howler monkeys
  A lava snake (D:7)
  5 orc priests
  6 hounds
  4 iguanas
  15 orc wizards
  Terence (D:3)
  10 gnolls
  7 adders
  A white imp (D:6)
  A worm (D:2)
  2 dart slugs
  40 orcs
  10 ball pythons
  2 bats (D:1)
  5 endoplasms
  2 giant cockroaches
  7 goblins
  4 hobgoblins
  4 jackals (D:3)
  23 kobolds
  4 quokkas
  5 frilled lizards
  2 rats
246 creatures vanquished.

Vanquished Creatures (others)
  A kobold (D:9)
  A butterfly (D:4)
  6 plants
8 creatures vanquished.

Grand Total: 254 creatures vanquished

Notes
Turn   | Place    | Note
-------+----------+-------------------------------------------
     0 | D:1      | qw the Formicid Cinder Acolyte began the quest for the Orb.
     0 | D:1      | Reached XP level 1. HP: 18/18 MP: 2/2
     0 | D:1      | 0 ||| qw: Version: 0.1-a-102-g441f92d
     0 | D:1      | 0 ||| qw: Game counter: 5156
     0 | D:1      | 0 ||| qw: Always use a shield: true
     0 | D:1      | 0 ||| qw: God list: Okawaru
     0 | D:1      | 0 ||| qw: Allow faded altars: false
     0 | D:1      | 0 ||| qw: Do Orc after D:15 true
     0 | D:1      | 0 ||| qw: Do second Lair branch before Depths: true
     0 | D:1      | 0 ||| qw: Lair rune preference: random
     0 | D:1      | 0 ||| qw: Plans: Normal
     0 | D:1      | 0 ||| PLANNING D:1-11
   233 | D:1      | 233 ||| INVOKING Fiery Armour.
   406 | D:1      | Reached XP level 2. HP: 24/24 MP: 3/3
   429 | D:1      | Found Umpoch's Book Emporium.
   615 | D:1      | 615 ||| INVOKING Fiery Armour.
   616 | D:1      | HP: 6/24 [kobold/+3 whip (1)]
   988 | D:1      | Reached skill level 4 in Axes
   988 | D:1      | Reached XP level 3. HP: 29/29 MP: 4/4
  1005 | D:1      | 1005 ||| SWAPPING to +0 war axe.
  1050 | D:1      | Found a faded altar of an unknown god.
  1406 | D:1      | 1406 ||| UPGRADING to +0 leather armour.
  1416 | D:1      | 1416 ||| DROPPING +0 robe.
  1417 | D:1      | 1417 ||| UPGRADING to +0 buckler.
  1422 | D:1      | 1422 ||| READING scroll labelled BICHEOSIHE.
  1422 | D:1      | Identified a scroll of acquirement
  1422 | D:1      | 1422 ||| ACQUIRING +2 pair of boots of the Northern Lights
                  | {Harm}
  1422 | D:1      | Acquired the +2 pair of boots of the Northern Lights {Harm}
  1424 | D:1      | 1424 ||| READING scroll labelled HUESKE ZI UHUM.
  1425 | D:1      | 1425 ||| READING scroll labelled DENTA POTYCS.
  1426 | D:1      | 1426 ||| READING scroll labelled NOTOOD XAQAU.
  1427 | D:1      | 1427 ||| READING scroll labelled KAUD PEIMN.
  1428 | D:1      | 1428 ||| Stepping randomly (stuck).
  1429 | D:1      | 1429 ||| Stepping ~*~*~tactically~*~*~ (cloud).
  1436 | D:1      | HP: 7/29 [poisoned by you (poison gas)]
  1711 | D:2      | Found a white marble altar of Elyvilon.
  1793 | D:2      | Found Mipeirghau's Distillery.
  1802 | D:2      | 1802 ||| SHOPLISTING potion of curing (39 gold, have 32).
  1802 | D:2      | 1802 ||| SHOPLISTING potion of mutation (104 gold, have
                  | 32).
  1954 | D:2      | 1954 ||| DROPPING +0 vorpal hand axe.
  1956 | D:2      | Identified the +6 whip "Foip" {speed, Str+4}
  2076 | D:2      | 2076 ||| Stepping ~*~*~tactically~*~*~ (stealth).
  2077 | D:2      | 2077 ||| Stepping ~*~*~tactically~*~*~ (stealth).
  2086 | D:2      | Reached skill level 1 in Shields
  2403 | D:2      | Reached XP level 4. HP: 33/35 MP: 5/5
  2744 | D:2      | 2744 ||| UPGRADING to +0 ring mail.
  2754 | D:2      | 2754 ||| DROPPING +0 leather armour.
  2755 | D:2      | 2755 ||| UPGRADING to +0 cloak.
  2760 | D:2      | 2760 ||| READING 2 scrolls labelled RACIME UNLUGA.
  2761 | D:2      | 2761 ||| READING scroll labelled DEDERH PIMA.
  2762 | D:2      | 2762 ||| READING scroll labelled PAIGEFR ILAXKI.
  2802 | D:3      | 2802 ||| STAIRDANCE
  2821 | D:3      | Reached skill level 1 in Armour
  2908 | D:3      | 2908 ||| INVOKING Fiery Armour.
  2911 | D:3      | Reached XP level 5. HP: 37/41 MP: 6/6
  2923 | D:3      | Reached skill level 5 in Axes
  3125 | D:3      | Found a sparkling altar of Nemelex Xobeh.
  3135 | D:3      | Noticed Terence
  3143 | D:3      | Killed Terence
  3144 | D:3      | Reached skill level 1 in Dodging
  3189 | D:3      | 3189 ||| Stepping ~*~*~tactically~*~*~ (stealth).
  3310 | D:3      | 3310 ||| Stepping ~*~*~tactically~*~*~ (stealth).
  3311 | D:3      | 3311 ||| Stepping ~*~*~tactically~*~*~ (stealth).
  3317 | D:3      | 3317 ||| Stepping ~*~*~tactically~*~*~ (stealth).
  3318 | D:3      | 3318 ||| Stepping ~*~*~tactically~*~*~ (stealth).
  3332 | D:3      | 3332 ||| Stepping ~*~*~tactically~*~*~ (stealth).
  3333 | D:3      | 3333 ||| Stepping ~*~*~tactically~*~*~ (stealth).
  3335 | D:3      | 3335 ||| Stepping ~*~*~tactically~*~*~ (stealth).
  3336 | D:3      | 3336 ||| Stepping ~*~*~tactically~*~*~ (stealth).
  3337 | D:3      | 3337 ||| Stepping ~*~*~tactically~*~*~ (stealth).
  3339 | D:3      | 3339 ||| Stepping ~*~*~tactically~*~*~ (stealth).
  3348 | D:3      | 3348 ||| Stepping ~*~*~tactically~*~*~ (stealth).
  3349 | D:3      | 3349 ||| Stepping ~*~*~tactically~*~*~ (stealth).
  3353 | D:3      | 3353 ||| Stepping ~*~*~tactically~*~*~ (stealth).
  3354 | D:3      | 3354 ||| Stepping ~*~*~tactically~*~*~ (stealth).
  3355 | D:3      | 3355 ||| Stepping ~*~*~tactically~*~*~ (stealth).
  3364 | D:3      | 3364 ||| Stepping ~*~*~tactically~*~*~ (stealth).
  3368 | D:3      | 3368 ||| Stepping ~*~*~tactically~*~*~ (stealth).
  3369 | D:3      | 3369 ||| Stepping ~*~*~tactically~*~*~ (stealth).
  3389 | D:3      | 3389 ||| Stepping ~*~*~tactically~*~*~ (stealth).
  3649 | D:3      | 3649 ||| UPGRADING to +0 chain mail.
  3659 | D:3      | 3659 ||| DROPPING +0 ring mail.
  3660 | D:3      | 3660 ||| UPGRADING to +0 pair of boots.
  3665 | D:3      | 3665 ||| UPGRADING to amulet of regeneration.
  3670 | D:3      | 3670 ||| UPGRADING to ring of willpower.
  3671 | D:3      | 3671 ||| READING scroll labelled ROFOLI SE YVO.
  3672 | D:3      | 3672 ||| READING 2 scrolls of identify.
  3672 | D:3      | 3672 ||| IDENTIFYING bubbling yellow potion
  3678 | D:4      | 3678 ||| INVOKING Fiery Armour.
  3681 | D:4      | Reached XP level 6. HP: 38/47 MP: 7/7
  3786 | D:4      | 3786 ||| READING scroll labelled SULANALAT.
  3871 | D:4      | 3871 ||| STAIRDANCE
  3876 | D:3      | 3876 ||| INVOKING Fiery Armour.
  3879 | D:3      | Reached skill level 6 in Axes
  3879 | D:3      | HP: 11/47 [poisoned by a scorpion]
  3884 | D:3      | HP: 10/47 [poisoned by a scorpion]
  3926 | D:4      | 3926 ||| STAIRDANCE
  3929 | D:3      | Reached skill level 3 in Shields
  3937 | D:4      | 3937 ||| STAIRDANCE
  3938 | D:4      | Reached XP level 7. HP: 50/52 MP: 8/8
  3947 | D:4      | 3947 ||| STAIRDANCE
  3952 | D:4      | 3952 ||| STAIRDANCE
  4027 | D:4      | 4027 ||| Stepping ~*~*~tactically~*~*~ (hiding).
  4053 | D:4      | Found a white marble altar of Elyvilon.
  4315 | D:4      | Found a shimmering blue altar of Sif Muna.
  4525 | D:4      | 4525 ||| UPGRADING to amulet of reflection.
  4535 | D:4      | 4535 ||| DROPPING amulet of regeneration.
  4536 | D:4      | 4536 ||| DRINKING 2 ruby potions.
  4537 | D:4      | 4537 ||| DRINKING 2 viscous black potions.
  4538 | D:4      | 4538 ||| READING 2 scrolls of identify.
  4538 | D:4      | 4538 ||| IDENTIFYING dark potion
  4539 | D:4      | 4539 ||| DROPPING potion of lignification.
  4540 | D:4      | 4540 ||| DROPPING potion of degeneration.
  4560 | D:5      | Entered Level 5 of the Dungeon
  4573 | D:5      | Reached skill level 3 in Armour
  4957 | D:5      | 4957 ||| READING scroll of enchant weapon.
  4957 | D:5      | 4957 ||| ENCHANTING +1 war axe.
  5091 | D:5      | 5091 ||| INVOKING Fiery Armour.
  5095 | D:5      | Reached skill level 7 in Axes
  5095 | D:5      | Reached XP level 8. HP: 21/60 MP: 9/9
  5294 | D:5      | Found Isofief's Assorted Antiques.
  5302 | D:5      | Reached skill level 1 in Throwing
  5306 | D:5      | 5306 ||| BUYING 2 potions of curing (192 gold).
  5306 | D:5      | Bought 2 potions of curing for 192 gold pieces
  5306 | D:5      | 5306 ||| SHOPLISTING brown potion (28 gold, have 1).
  5306 | D:5      | 5306 ||| SHOPLISTING glowing scale mail (224 gold, have 1).
  5306 | D:5      | 5306 ||| SHOPLISTING pair of runed gloves (240 gold, have
                  | 1).
  5306 | D:5      | 5306 ||| SHOPLISTING plate armour (736 gold, have 1).
  5306 | D:5      | 5306 ||| SHOPLISTING scroll labelled BEJICO FUIJAT (32
                  | gold, have 1).
  5389 | D:5      | 5389 ||| INVOKING Fiery Armour.
  5391 | D:5      | 5391 ||| Stepping ~*~*~tactically~*~*~ (stealth).
  5393 | D:5      | HP: 13/60 [gnoll/+0 halberd (5)]
  5396 | D:5      | 5396 ||| FLEEEEING.
  5397 | D:5      | 5397 ||| FLEEEEING.
  5403 | D:5      | 5403 ||| STAIRDANCE
  5654 | D:4      | 5654 ||| DROPPING amulet of the acrobat.
  5655 | D:4      | 5655 ||| DROPPING ring of magical power.
  5656 | D:4      | 5656 ||| READING scroll labelled JUSAIB GEIMYNI.
  5657 | D:4      | 5657 ||| READING 2 scrolls of identify.
  5657 | D:4      | 5657 ||| IDENTIFYING viscous silvery potion
  5658 | D:4      | 5658 ||| DROPPING potion of berserk rage.
  5854 | D:5      | 5854 ||| UPGRADING to +4 ring of protection.
  5885 | D:6      | Reached skill level 8 in Axes
  5992 | D:6      | 5992 ||| INVOKING Fiery Armour.
  6004 | D:6      | 6004 ||| FLEEEEING.
  6005 | D:6      | 6005 ||| FLEEEEING.
  6006 | D:6      | 6006 ||| FLEEEEING.
  6007 | D:6      | 6007 ||| FLEEEEING.
  6008 | D:6      | 6008 ||| FLEEEEING.
  6009 | D:6      | 6009 ||| FLEEEEING.
  6010 | D:6      | 6010 ||| FLEEEEING.
  6011 | D:6      | 6011 ||| FLEEEEING.
  6012 | D:6      | 6012 ||| FLEEEEING.
  6013 | D:6      | 6013 ||| FLEEEEING.
  6014 | D:6      | 6014 ||| FLEEEEING.
  6015 | D:6      | 6015 ||| FLEEEEING.
  6016 | D:6      | 6016 ||| FLEEEEING.
  6270 | D:6      | 6270 ||| Stepping ~*~*~tactically~*~*~ (stealth).
  6289 | D:6      | Noticed Pikel
  6290 | D:6      | 6290 ||| INVOKING Fiery Armour.
  6309 | D:6      | Killed Pikel
  6310 | D:6      | Reached skill level 9 in Axes
  6310 | D:6      | Reached XP level 9. HP: 40/68 MP: 10/10
  6606 | D:6      | 6606 ||| INVOKING Fiery Armour.
  6620 | D:6      | Reached skill level 6 in Fighting
  6700 | D:6      | Found Buethaf's Magic Scroll Shop.
  6709 | D:6      | 6709 ||| SHOPLISTING scroll of enchant weapon (105 gold,
                  | have 97).
  6709 | D:6      | 6709 ||| BUYING scroll of identify (28 gold).
  6709 | D:6      | Bought a scroll of identify for 28 gold pieces
  6709 | D:6      | 6709 ||| BUYING scroll of identify (28 gold).
  6709 | D:6      | Bought a scroll of identify for 28 gold pieces
  6709 | D:6      | 6709 ||| BUYING scroll of identify (28 gold).
  6709 | D:6      | Bought a scroll of identify for 28 gold pieces
  6709 | D:6      | 6709 ||| SHOPLISTING scroll of identify (28 gold, have 13).
  6745 | D:6      | Noticed Edmund
  6763 | D:6      | Killed Edmund
  6764 | D:6      | Reached skill level 10 in Axes
  6799 | D:6      | Found a radiant altar of Vehumet.
  6841 | D:6      | 6841 ||| Stepping ~*~*~tactically~*~*~ (stealth).
  6961 | D:6      | 6961 ||| UPGRADING to +0 plate armour.
  6971 | D:6      | 6971 ||| DROPPING +1 ring mail of fire resistance.
  6972 | D:6      | 6972 ||| DROPPING +0 chain mail.
  6973 | D:6      | 6973 ||| READING 3 scrolls labelled ZAEMYI MINOY.
  6974 | D:6      | 6974 ||| DRINKING 2 puce potions.
  6975 | D:6      | 6975 ||| DRINKING 2 bubbling clear potions.
  6976 | D:6      | 6976 ||| READING 4 scrolls of identify.
  6976 | D:6      | 6976 ||| IDENTIFYING lumpy blue potion
  6977 | D:6      | 6977 ||| READING 3 scrolls of identify.
  6977 | D:6      | 6977 ||| IDENTIFYING metallic amethyst potion
  6978 | D:6      | 6978 ||| READING 2 scrolls of identify.
  6978 | D:6      | 6978 ||| IDENTIFYING lumpy silvery potion
  6979 | D:6      | 6979 ||| DROPPING 2 scrolls of amnesia.
  6980 | D:6      | 6980 ||| DROPPING potion of brilliance.
  6981 | D:6      | 6981 ||| DROPPING potion of ambrosia.
  6982 | D:6      | 6982 ||| DROPPING potion of flight.
  7037 | D:7      | Found a transporter.
  7054 | D:7      | Found a one-way gate to the infinite horrors of the Abyss.
  7054 | D:7      | Noticed qw's ghost (novice TrCA)
  7054 | D:7      | Noticed a toenail golem
  7206 | D:7      | Found a glowing golden altar of the Shining One.
  7214 | D:7      | Found a broken altar of Ashenzari.
  7257 | D:7      | 7257 ||| FLEEEEING.
  7258 | D:7      | 7258 ||| FLEEEEING.
  7259 | D:7      | 7259 ||| FLEEEEING.
  7265 | D:7      | 7265 ||| STAIRDANCE
  7310 | D:6      | 7310 ||| READING scroll labelled LAYRUV TOMOQI.
  7334 | D:7      | Found a staircase to the Ecumenical Temple.
  7457 | D:7      | 7457 ||| READING scroll of enchant armour.
  7457 | D:7      | 7457 ||| ENCHANTING +0 pair of boots.
  7500 | D:7      | Reached skill level 6 in Armour
  7512 | D:7      | Reached XP level 10. HP: 62/77 MP: 11/11
  7837 | D:7      | Found a transporter.
  7864 | D:7      | 7864 ||| Stepping ~*~*~tactically~*~*~ (stealth).
  7874 | D:7      | 7874 ||| FLEEEEING.
  7883 | D:7      | 7883 ||| STAIRDANCE
  7928 | D:6      | 7928 ||| READING 2 scrolls of identify.
  7928 | D:6      | 7928 ||| IDENTIFYING smoky blue potion
  7929 | D:6      | 7929 ||| DROPPING potion of invisibility.
  8388 | D:8      | 8388 ||| INVOKING Fiery Armour.
  8479 | D:8      | 8479 ||| SWAPPING to +2 vampiric hand axe.
  8480 | D:8      | 8480 ||| DROPPING +2 war axe.
  8528 | D:8      | Reached skill level 11 in Axes
  8888 | D:8      | Reached skill level 6 in Shields
  9304 | D:8      | 9304 ||| READING 3 scrolls of identify.
  9304 | D:8      | 9304 ||| IDENTIFYING sedimented blue potion
  9305 | D:8      | 9305 ||| DROPPING potion of attraction.
  9355 | D:9      | 9355 ||| STAIRDANCE
  9361 | D:9      | 9361 ||| STAIRDANCE
  9369 | D:9      | 9369 ||| STAIRDANCE
  9381 | D:9      | 9381 ||| STAIRDANCE
  9381 | D:9      | Noticed an elephant
  9431 | D:9      | 9431 ||| STAIRDANCE
  9546 | D:9      | 9546 ||| STAIRDANCE
  9569 | D:8      | Killed an elephant
  9570 | D:8      | Reached XP level 11. HP: 81/86 MP: 12/12
  9594 | D:9      | 9594 ||| STAIRDANCE
  9614 | D:9      | 9614 ||| STAIRDANCE
  9685 | D:9      | 9685 ||| DRINKING potion of cancellation.
  9710 | D:9      | Reached skill level 12 in Axes
  9755 | D:9      | 9755 ||| Stepping ~*~*~tactically~*~*~ (stealth).
  9780 | D:9      | Found a staircase to the Lair.
  9787 | D:9      | Noticed a two-headed ogre
  9789 | D:9      | Noticed a two-headed ogre
  9790 | D:9      | 9790 ||| INVOKING Fiery Armour.
  9796 | D:9      | Killed a two-headed ogre
  9797 | D:9      | Reached skill level 3 in Dodging
  9797 | D:9      | 9797 ||| FLEEEEING.
  9798 | D:9      | 9798 ||| FLEEEEING.
  9799 | D:9      | 9799 ||| FLEEEEING.
  9800 | D:9      | 9800 ||| FLEEEEING.
  9801 | D:9      | 9801 ||| FLEEEEING.
  9802 | D:9      | 9802 ||| FLEEEEING.
  9803 | D:9      | 9803 ||| FLEEEEING.
  9805 | D:9      | 9805 ||| FLEEEEING.
  9820 | D:9      | Killed a two-headed ogre
 10035 | D:9      | 10035 ||| Stepping ~*~*~tactically~*~*~ (stealth).
 10037 | D:9      | 10037 ||| Stepping ~*~*~tactically~*~*~ (stealth).
 10042 | D:9      | 10042 ||| Stepping ~*~*~tactically~*~*~ (hiding).
 10043 | D:9      | 10043 ||| Stepping ~*~*~tactically~*~*~ (hiding).
 10044 | D:9      | 10044 ||| Stepping ~*~*~tactically~*~*~ (hiding).
 10415 | D:9      | Noticed a cyclops
 10423 | D:9      | Killed a cyclops
 10424 | D:9      | Reached skill level 13 in Axes
 10619 | D:9      | 10619 ||| PLANNING LAIR
 10619 | D:9      | 10619 ||| UPGRADING to +0 pair of gloves.
 10624 | D:9      | 10624 ||| READING 3 scrolls of identify.
 10624 | D:9      | 10624 ||| IDENTIFYING yellow potion
 10659 | Lair:1   | Entered Level 1 of the Lair of Beasts
 10660 | Lair:1   | 10660 ||| PLANNING GAUNTLET
 10660 | Lair:1   | You fall into a shaft and drop 1 floor!
 10662 | Lair:2   | Found a hole to the Spider Nest.
 10713 | Lair:2   | 10713 ||| Stepping ~*~*~tactically~*~*~ (stealth).
 10714 | Lair:2   | 10714 ||| Stepping ~*~*~tactically~*~*~ (stealth).
 10795 | Lair:1   | 10795 ||| Stepping ~*~*~tactically~*~*~ (stealth).
 10799 | Lair:1   | 10799 ||| INVOKING Fiery Armour.
 10800 | Lair:1   | 10800 ||| Stepping ~*~*~tactically~*~*~ (stealth).
 11121 | Lair:1   | 11121 ||| RIP GAUNTLET
 11134 | Lair:1   | 11134 ||| PLANNING TEMPLE
 11253 | Temple   | Entered the Ecumenical Temple
 11330 | Temple   | 11330 ||| PLANNING CONVERSION TO OKAWARU
 11337 | Temple   | Fell from the grace of Ignis
 11337 | Temple   | Became a worshipper of Warmaster Okawaru
 11338 | Temple   | 11338 ||| PLANNING LAIR
 11623 | Lair:1   | Noticed Joseph
 11624 | Lair:1   | 11624 ||| Stepping ~*~*~tactically~*~*~ (hiding).
 11625 | Lair:1   | 11625 ||| Stepping ~*~*~tactically~*~*~ (hiding).
 11649 | Lair:1   | Killed Joseph
 11764 | Lair:1   | HP: 19/87 [fire elemental[the fiery vengeance of Ignis]
                  | (9)]
 11765 | Lair:1   | HP: 8/87 [fire elemental[the fiery vengeance of Ignis]
                  | (11)]
 12160 | Lair:1   | Reached skill level 9 in Fighting
 12345 | Lair:1   | HP: 22/89 [fire elemental[the fiery vengeance of Ignis]
                  | (6)]
 12346 | Lair:1   | HP: 5/89 [fire elemental[the fiery vengeance of Ignis] (7)]
 12347 | Lair:1   | Mangled by a fire elemental

Levels and vault maps discovered:
D:1:      psy_arrival_basics, layout_loops_ring,
          shapermc_ecumenical_altar_totnotflames, serial_shops,
          nicolae_shop_competitors_out_of_business, minmay_distorted
D:2:      layout_loops_corners, basic_altar, serial_shops, nicolae_shop_trees
D:3:      layout_rooms, nemelex_xobeh_ov_fountains_minmay,
          kennysheep_generic_room_13, uniq_terence
D:4:      layout_basic, marbit_many_paths, nicolae_elyvilon_peaceful_grove,
          nicolae_underground_beach
D:5:      nicolae_cairo_tiling_large, layout_basic, serial_shops, shop,
          chequers_arboretum
D:6:      layout_basic, mainiacjoe_overflow_alcove_2, serial_shops, shop,
          item_on_display_a, uniq_pikel, uniq_edmund
D:7:      layout_basic, mainiacjoe_overflow_big_doors,
          minmay_temple_entry_statues_pillars, gammafunk_ghost_abyssal_escape,
          nicolae_lava_and_water
D:8:      layout_basic
D:9:      layout_basic, david_lair_generic
Temple:   regret_index_temple_sphere_string
Lair:1:   layout_long_grid, gauntlet_entry_generic,
          chequers_serial_rivers_large_a, grunt_megastairs_5,
          serial_bayou_shore_a, uniq_joseph
Lair:2:   layout_small_grid, spider_nest_entry_webs, enter_volcano_3,
          guppyfry_lair_drakes

Skill      XL: |  1  2  3  4  5  6  7  8  9 10 11 |
---------------+----------------------------------+-----
Axes           | 4 5 6 7 9 10 11 13 | 13.1
Shields        | 2 3 4 5 6 |  6.7
Armour         | 1 2 3 6 7 8 |  8.1
Dodging        | 1 3 |  3.5
Fighting       | 4 5 6 8 9 |  9.0
Throwing       | 1 2 |  2.1
Spellcasting   | |  1.1
Fire Magic     | |  3.0

Action                   |  1- 3 |  4- 6 |  7- 9 | 10-12 || total
-------------------------+-------+-------+-------+-------++-------
Melee: Hand axe          |    39 |       |       |   530 ||   569
       War axe           |    62 |   101 |   283 |    70 ||   516
Throw: Boomerang         |       |       |    47 |    41 ||    88
Invok: Fiery Armour      |     2 |     3 |     5 |     3 ||    13
  Use: Scroll            |     5 |     6 |    10 |     3 ||    24
       Potion            |       |       |     4 |     1 ||     5
Armor: Robe              |    17 |       |       |       ||    17
       Leather armour    |     9 |       |       |       ||     9
       Ring mail         |       |    25 |       |       ||    25
       Chain mail        |       |    31 |   155 |       ||   186
       Plate armour      |       |       |    18 |   274 ||   292
Dodge: Dodged            |    53 |    64 |    82 |   105 ||   304
Block: Buckler           |     8 |    22 |   112 |   211 ||   353
       Reflection        |       |       |     4 |     8 ||    12

Table legend:
 A = Non-vault XP
 B = Vault XP
 C = Vault XP percentage of total XP
 D = Non-vault monster count
 E = Vault monster count
 F = Vault count percentage of total count
                 A         B        C        D         E       F
            +---------+---------+-------+---------+---------+-------
      Total |   11664 |    3616 |  23.7 |     222 |      16 |   6.7
            +---------+---------+-------+---------+---------+-------
        D:1 |      33 |       3 |   8.3 |      19 |       2 |   9.5
        D:2 |      44 |       0 |   0.0 |      18 |       0 |   0.0
        D:3 |     309 |      32 |   9.4 |      29 |       1 |   3.3
        D:4 |     246 |       3 |   1.2 |      20 |       1 |   4.8
        D:5 |     637 |       0 |   0.0 |      20 |       0 |   0.0
        D:6 |    1108 |     786 |  41.5 |      25 |       2 |   7.4
        D:7 |    1046 |       0 |   0.0 |      14 |       0 |   0.0
        D:8 |    3414 |     685 |  16.7 |      42 |       2 |   4.5
        D:9 |    3280 |     404 |  11.0 |      26 |       2 |   7.1
     Lair:1 |    1309 |    1703 |  56.5 |       7 |       6 |  46.2
     Lair:2 |     238 |       0 |   0.0 |       2 |       0 |   0.0
            +---------+---------+-------+---------+---------+-------
